 Dungeon Crawl Stone Soup version 0.24.0-13-gcf9b3192b9 (webtiles) character file.

Game seed: 14027941101421679665, levelgen mode: deterministic

10439 Amplified the Grand Scion (level 11, -1/91 HPs)
             Began as a Hill Orc Wanderer on Nov 9, 2019.
             Was a High Priest of Hepliaklqana.
             Slain by a tengu warrior
             ... wielding a +3 long sword
              (3 damage)
             ... on level 11 of the Dungeon.
             The game lasted 00:20:02 (11677 turns).

Amplified the Grand Scion (Hill Orc Wanderer)      Turns: 11677, Time: 00:20:03

Health: -1/91      AC:  6    Str: 18    XL:     11   Next: 62%
Magic:  19/19      EV: 14    Int: 12    God:    Hepliaklqana [*****.]
Gold:   317        SH:  0    Dex: 11    Spells: 10/10 levels left

rFire    + . .     SeeInvis .   i - +0 halberd
rCold    + . .     Gourm    .   (shield currently unavailable)
rNeg     . . .     Faith    .   d - +1 robe
rPois    +         Spirit   .   (helmet restricted)
rElec    +         Reflect  .   (no cloak)
rCorr    .         Harm     .   b - +2 pair of gloves
MR       +....                  (no boots)
Stlth    +.........             t - amulet of magic regeneration
HPRegen  0.25/turn              g - ring of protection from magic
MPRegen  0.41/turn              o - ring of poison resistance

@: no status effects
A: reduced essence, antennae 1, cold resistance 1, fire resistance 1,
electricity resistance
a: Recall Ancestor, Ancestor Identity, Transference, Idealise, Renounce Religion


You were on level 11 of the Dungeon.
You worshipped Hepliaklqana.
Hepliaklqana was extremely pleased with you.
You were not hungry.

You visited 2 branches of the dungeon, and saw 12 of its levels.

You collected 608 gold pieces.
You spent 291 gold pieces at shops.

Inventory:

Hand Weapons
 a - a +2 spear
 c - a +2 short sword of electrocution
 i - a +0 halberd (weapon)
Missiles
 r - 46 poisoned darts (quivered)
Armour
 b - a +2 pair of gloves (worn)
 d - a +1 robe (worn)
Jewellery
 g - a ring of protection from magic (left hand)
 k - an uncursed ring of protection from magic
 l - a +5 ring of dexterity
 n - an uncursed ring of flight
 o - a ring of poison resistance (right hand)
 s - an uncursed ring of see invisible
 t - an amulet of magic regeneration (around neck)
 u - an uncursed amulet of harm
Wands
 e - a wand of random effects (31)
 v - a wand of polymorph (7)
 y - a wand of flame (9)
Scrolls
 h - 7 scrolls of enchant weapon
 j - 2 scrolls of remove curse
 p - 3 scrolls of enchant armour
 q - 4 scrolls of amnesia
 z - a scroll of teleportation
 A - a scroll of holy word
 B - a scroll of torment
Potions
 m - a potion of brilliance
 w - a potion of flight
Comestibles
 f - 20 rations


   Skills:
 * Level 11.3 Fighting
   Level 1.1 Maces & Flails
 * Level 10.2 Polearms
 + Level 7.0 Armour
 + Level 5.3 Dodging
 - Level 1.0 Stealth
 * Level 11.4 Invocations
 - Level 1.0 Evocations


You had 10 spell levels left.
You didn't know any spells.
Your spell library contained the following spells:

 Spells                   Type           Power        Failure   Level  Hunger
 Flame Tongue             Conj/Fire      #....        32%         1    ##.....
 Magic Dart               Conj           #...         32%         1    ##.....
 Blink                    Tloc           N/A          45%         2    ###....
 Call Imp                 Summ           #.......     45%         2    ###....
 Passwall                 Tmut/Erth      #.......     45%         2    ###....
 Searing Ray              Conj           #.....       45%         2    ###....
 Slow                     Hex            #.......     45%         2    ###....
 Throw Flame              Conj/Fire      #.....       45%         2    ###....
 Conjure Flame            Conj/Fire      #.......     69%         3    ####...
 Dazzling Spray           Conj/Hex       #.....       69%         3    ####...
 Inner Flame              Hex/Fire       #.......     69%         3    ####...
 Mephitic Cloud           Conj/Pois/Air  #.......     69%         3    ####...
 Spider Form              Tmut/Pois      #.........   69%         3    ####...
 Cause Fear               Hex            #.........   97%         4    #####..
 Force Lance              Conj/Tloc      #.......     97%         4    #####..
 Fulminant Prism          Conj/Hex       #.........   97%         4    #####..
 Ice Form                 Ice/Tmut       #.......     97%         4    #####..
 Iskenderun's Mystic Bla  Conj           #.......     97%         4    #####..
 Sticky Flame             Conj/Fire      #.......     97%         4    #####..
 Fireball                 Conj/Fire      #.........   100%        5    ######.
 Irradiate                Conj/Tmut      #.........   100%        5    ######.
 Silence                  Hex/Air        #.........   100%        5    ######.
 Yara's Violent Unravell  Hex/Tmut       #.........   100%        5    ######.
 Deflect Missiles         Chrm/Air       #.........   100%        6    #######
 Statue Form              Tmut/Erth      #........    100%        6    #######
 Discord                  Hex            #.........   100%        8    #######


Dungeon Overview and Level Annotations

Branches:
Dungeon (11/15)            Temple (0/1) D:6            Lair (1/6) D:10
    Orc: D:9-12

Altars:
Ashenzari
Hepliaklqana
Nemelex Xobeh
Trog

Shops:
D:7 ?

Annotations:
D:9 3 runed translucent doors, ANON1729's ghost, novice DsGl
D:11 1 runed translucent door


Innate Abilities, Weirdness & Mutations

Your life essence is reduced to manifest your ancestor. (-10% HP)
You have a pair of small antennae on your head.
Your flesh is cold resistant. (rC+)
Your flesh is heat resistant. (rF+)
You are resistant to electric shocks. (rElec)


Message History

Unknown command.
Attack whom?
Press: ? - help, Dir - move target cursor, f/p - tengu warrior
Aim: a tengu warrior, wielding a +3 long sword, wearing a +0 leather armour and wearing a +0 shield (almost dead, poisoned)
You miss the tengu warrior.
The tengu warrior is almost dead.
The tengu warrior hits you with a +3 long sword.
* * * LOW HITPOINT WARNING * * *
The tengu warrior completely misses you.
The tengu warrior claws you.
* * * LOW HITPOINT WARNING * * *
Attack whom?
Press: ? - help, Dir - move target cursor, f/p - tengu warrior
Aim: a tengu warrior, wielding a +3 long sword, wearing a +0 leather armour and wearing a +0 shield (almost dead, poisoned)
You hit the tengu warrior but do no damage.
The tengu warrior is almost dead.
The tengu warrior hits you with a +3 long sword.
* * * LOW HITPOINT WARNING * * *
The tengu warrior pecks you.
You die...

........................
.......(................
.....................^..
......... ..............
........#########.......
#.#.......#.......
#(#.......#.######
#Q#.......#.#
#######@#.......#.#
#.......#.......#.####
#.......#......##....#
#.......###....'.....#
#.........#....#.....#
#####.....#....#.....#
#.....######.....#
#................#
#................#


You could see a tengu warrior.

Vanquished Creatures
  2 unseen horrors
  Pikel (D:5)
  A cyclops (D:11)
  A hippogriff (shapeshifter) (D:10)
  A wraith (D:10)
  A wyvern (D:9)
  7 yaks
  A golden eye (shapeshifter) (D:10)
  An ice beast (D:11)
  An orc warrior (D:8)
  A slave (D:5)
  A black bear (D:8)
  A necrophage (D:8)
  A sky beast (D:10)
  3 centaurs
  3 ogres
  A phantom (D:7)
  A crocodile (D:9)
  A big kobold (D:8)
  5 bullfrogs
  A wyvern skeleton (D:10)
  2 scorpions
  2 killer bees (D:8)
  2 howler monkeys (D:9)
  5 wights
  6 crimson imps
  3 hounds
  4 orc wizards
  5 jellies
  2 orc priests
  2 centaur skeletons
  Ijyb (D:4)
  3 iguanas
  4 worker ants
  2 worker ant zombies
  8 gnolls
  9 adders
  2 shadow imps
  6 oozes
  An adder skeleton (D:6)
  2 adder zombies (D:8)
  3 worms
  3 dart slugs
  5 leopard geckos
  25 orcs
  4 giant cockroaches
  5 goblins
  3 hobgoblins
  4 jackals (D:1)
  3 quokkas
  8 bats
  2 frilled lizards
  19 kobolds
  A leopard gecko skeleton (D:9)
  A leopard gecko zombie (D:5)
  2 quokka skeletons
  6 rats
201 creatures vanquished.

Vanquished Creatures (collateral kills)
  Prince Ribbit (D:6)
  4 hippogriffs
  Eustachio (D:6)
  A yak (Lair:1)
  Edmund (D:4)
  2 water moccasins
  Duvessa (D:5)
  A sky beast (D:6)
  An ice beast (D:5)
  A phantom (D:9)
  A necrophage (D:10)
  3 ogres
  A big kobold (D:5)
  Blork the orc (D:6)
  A water moccasin zombie (D:10)
  Dowan (D:5)
  3 bullfrogs
  A scorpion (D:11)
  A killer bee (D:8)
  5 wights
  A howler monkey (D:9)
  3 crimson imps
  A bullfrog zombie (D:8)
  7 orc priests
  4 jellies
  3 orc wizards
  A bullfrog skeleton (D:5)
  2 worker ants
  A hound skeleton (D:4)
  7 gnolls
  3 adders
  A howler monkey skeleton (D:5)
  A shadow imp (D:11)
  2 oozes (D:9)
  2 adder skeletons
  A worm (D:3)
  2 leopard geckos
  19 orcs
  2 goblins (D:3)
  3 hobgoblins (D:3)
  A quokka (D:3)
  A ball python (D:3)
  A frilled lizard (D:4)
  2 kobolds (D:5)
  A leopard gecko skeleton (D:3)
  2 rats (D:3)
106 creatures vanquished.

Vanquished Creatures (others)
  A slave (D:5)
  4 knights
  An orc (D:5)
  3 ancestors
  A fungus (Lair:1)
  3 plants (D:9)
13 creatures vanquished.

Grand Total: 320 creatures vanquished

Notes
Turn   | Place    | Note
-------+----------+-------------------------------------------
     0 | D:1      | Amplified the Hill Orc Wanderer began the quest for the
                  | Orb.
     0 | D:1      | Amplified set off with the following items: a +2 spear, a
                  | potion of lignification, a potion of curing, a +0 robe, a
                  | ration
     0 | D:1      | Reached XP level 1. HP: 19/19 MP: 1/1
   135 | D:1      | Reached XP level 2. HP: 25/27 MP: 2/2
   561 | D:1      | Reached XP level 3. HP: 33/33 MP: 3/3
   727 | D:2      | Found a shattered altar of Ashenzari.
   928 | D:2      | Found a faded altar of an unknown god.
   955 | D:2      | Became a worshipper of Hepliaklqana the Forgotten
   955 | D:2      | Reached * piety under Hepliaklqana
  1324 | D:1      | Reached XP level 4. HP: 17/36 MP: 4/4
  1824 | D:3      | Reached skill level 1 in Invocations
  1939 | D:4      | HP: 1/36 [poisoned by a worker ant]
  2400 | D:4      | Reached XP level 5. HP: 28/42 MP: 6/6
  2655 | D:4      | Reached ** piety under Hepliaklqana
  2874 | D:4      | Noticed Ijyb
  2892 | D:4      | Noticed Edmund
  2897 | D:5      | Entered Level 5 of the Dungeon
  3148 | D:6      | Remembered your ancestor Demetirus as a knight
  3150 | D:6      | Noticed Eustachio
  3187 | D:5      | Reached skill level 5 in Fighting
  3388 | D:5      | Noticed a slave
  3389 | D:5      | Noticed Pikel
  3389 | D:5      | Noticed a slave
  3389 | D:5      | Noticed a slave
  3389 | D:5      | Noticed a slave
  3412 | D:4      | Killed Edmund
  3412 | D:4      | Reached XP level 6. HP: 23/50 MP: 6/8
  3560 | D:4      | Killed Ijyb
  3902 | D:3      | Reached XP level 7. HP: 51/55 MP: 9/9
  4079 | D:3      | Found a bloodstained altar of Trog.
  4114 | D:3      | Reached *** piety under Hepliaklqana
  4371 | D:5      | Reached skill level 5 in Polearms
  4416 | D:5      | Gained mutation: Armour fits poorly on your strangely
                  | shaped body. [potion of mutation]
  4416 | D:5      | Gained mutation: Your spells are a little harder to cast,
                  | but a little more powerful. [potion of mutation]
  4417 | D:5      | Lost mutation: Armour fits poorly on your strangely shaped
                  | body. [potion of mutation]
  4417 | D:5      | Lost mutation: Your spells are a little harder to cast, but
                  | a little more powerful. [potion of mutation]
  4417 | D:5      | Gained mutation: You have a pair of small antennae on your
                  | head. [potion of mutation]
  4417 | D:5      | Gained mutation: Your flesh is cold resistant. (rC+)
                  | [potion of mutation]
  4417 | D:5      | Gained mutation: Your flesh is heat resistant. (rF+)
                  | [potion of mutation]
  4417 | D:5      | Gained mutation: You are resistant to electric shocks.
                  | (rElec) [potion of mutation]
  4703 | D:5      | Noticed Duvessa
  4705 | D:5      | Noticed Dowan
  4712 | D:5      | Killed Duvessa
  4719 | D:5      | Killed Dowan
  4719 | D:5      | Reached skill level 5 in Invocations
  4719 | D:5      | Reached XP level 8. HP: 35/63 MP: 11/11
  4758 | D:5      | Found a sparkling altar of Nemelex Xobeh.
  5005 | D:5      | Killed Pikel
  5347 | D:5      | Reached **** piety under Hepliaklqana
  5447 | D:6      | Noticed a hippogriff
  5458 | D:6      | Killed a hippogriff
  5458 | D:6      | Reached XP level 9. HP: 13/72 MP: 12/14
  5844 | D:6      | Noticed Prince Ribbit
  5884 | D:6      | Killed Prince Ribbit
  5981 | D:6      | Killed Eustachio
  6030 | D:6      | Noticed Blork the orc
  6038 | D:6      | Killed Blork the orc
  6042 | D:6      | Found a staircase to the Ecumenical Temple.
  6367 | D:5      | Reached skill level 5 in Armour
  7068 | D:7      | Reached XP level 10. HP: 62/81 MP: 16/16
  7182 | D:7      | Found Qicw's Magic Scroll Shop.
  7190 | D:7      | Bought a scroll of enchant weapon for 97 gold pieces
  7190 | D:7      | Bought a scroll of enchant armour for 97 gold pieces
  7190 | D:7      | Bought a scroll of enchant armour for 97 gold pieces
  8489 | D:8      | Reached skill level 10 in Fighting
  8676 | D:9      | Found a runed translucent gate.
  8677 | D:9      | Found a runed translucent gate.
  8677 | D:9      | Noticed a ten-headed hydra
  8677 | D:9      | Noticed a nine-headed hydra
  8678 | D:9      | Noticed ANON1729's ghost (novice DsGl)
  8763 | D:9      | Reached skill level 10 in Invocations
  8848 | D:9      | Reached ***** piety under Hepliaklqana
  8954 | D:10     | Entered Level 10 of the Dungeon
  9030 | D:10     | Reached XP level 11. HP: 45/90 MP: 18/18
  9196 | D:10     | Identified Niexaafu's Disquisition on Transmutation
  9320 | D:10     | Killed an unseen horror
  9320 | D:10     | Reached skill level 5 in Dodging
  9602 | D:10     | Found a staircase to the Lair.
 10420 | D:9      | Found a runed translucent gate.
 10571 | D:11     | Killed an unseen horror
 10571 | D:11     | Reached skill level 10 in Polearms
 10595 | D:11     | Noticed a cyclops
 10606 | D:11     | Killed a cyclops
 10786 | D:11     | Found a runed translucent door.
 10885 | D:11     | Noticed a green ugly thing
 11146 | Lair:1   | Entered Level 1 of the Lair of Beasts
 11641 | D:11     | Noticed a tengu warrior
 11677 | D:11     | HP: 2/91 [tengu warrior/+3 long sword (6)]
 11677 | D:11     | Slain by a tengu warrior

Levels and vault maps discovered:
D:1:      minmay_arrival_checkered_box, layout_basic, kennysheep_nondescript
D:2:      layout_basic, chequers_ecumenical_altar_island, nrook_mini_vaults,
          ashenzari_altar_1
D:3:      layout_rooms, lightli_temple_of_fire, first_ration
D:4:      layout_gridville, uniq_ijyb, uniq_edmund
D:5:      layout_gridville, nemelex_dance_club_becter, uniq_duvessa, uniq_pikel
D:6:      layout_rooms, lemuel_temple_firewalk_b, serial_glass, glass_columns_b,
          glass_columns_c, uniq_eustachio, uniq_prince_ribbit1,
          uniq_blork_the_orc
D:7:      cheibrodos_quashed, layout_basic, serial_shops, shop
D:8:      layout_loops_cross, serial_undead, serial_undead_c, serial_undead_e,
          serial_undead_b, serial_undead_d
D:9:      layout_stronghold, gammafunk_ghost_hydra_chop,
          hangedman_little_slice_of_home, chequers_serial_rivers_micro_d
D:10:     minmay_the_grid_octo_triangle [minmay_the_grid_octo_tetromino_candy,
          minmay_the_grid_octo_prize_square_snowflake,
          minmay_the_grid_octo_checkered], layout_small_grid, lair_entry_dummy
D:11:     erik_cavepeople, layout_irregular_city, serial_shops, shop
Lair:1:   layout_regular_city, grunt_megastairs_2, minmay_lair_oklob_chamber

Skill      XL: |  1  2  3  4  5  6  7  8  9 10 11 |
---------------+----------------------------------+-----
Fighting       | 4 5 6 7 9 10 11 | 11.3
Polearms       | 3 4 5 6 8 9 10 | 10.2
Invocations    | 1 3 5 6 8 10 11 | 11.4
Armour         | 2 3 4 5 6 7 |  7.0
Dodging        | 2 3 4 5 |  5.3
Maces & Flails | |  1.1
Stealth        | |  1.0
Evocations     | |  1.0

Action                   |  1- 3 |  4- 6 |  7- 9 | 10-12 || total
-------------------------+-------+-------+-------+-------++-------
Melee: Spear             |   109 |    38 |       |       ||   147
       Short sword       |       |    30 |       |       ||    30
       Halberd           |       |    49 |   248 |   419 ||   716
Throw: Boomerang         |     4 |       |       |       ||     4
       Dart              |       |       |       |     3 ||     3
Invok: Recall Ancestor   |       |     3 |     1 |     3 ||     7
       Ancestor Life: Kn |       |     1 |       |       ||     1
       Transference      |       |       |       |     1 ||     1
Evoke: Wand              |       |     9 |    10 |     9 ||    28
  Use: Scroll            |     8 |     4 |     4 |    10 ||    26
       Potion            |     5 |     1 |     5 |     4 ||    15
 Stab: Sleeping          |     4 |       |       |     5 ||     9
       Distracted        |       |     1 |     1 |     1 ||     3
  Eat: Chunk             |       |     4 |     9 |     9 ||    22
       Ration            |       |     2 |       |     3 ||     5
Armor: Robe              |    28 |    34 |    40 |    71 ||   173
       Skin              |     2 |       |       |       ||     2
Dodge: Dodged            |    45 |    89 |   115 |   202 ||   451
